BSA
KANSAS CITY KINGS @ ST. LOUIS BROWNS
09/21/2025
 
TOP OF THE 1ST
Kansas City Kings batting - Pitching for St. Louis Browns : RHP Aaron Palmer
Pitching: RHP Aaron Palmer
Batting: RHB Chris Chandler 0-0: Ball
1-0: Called Strike
1-1: Foul Ball, location: 2F
1-2: Fly out, F2 (Popup, 2R)
Batting: SHB Víctor Serrano 0-0: Ball
1-0: Ball
2-0: Ground out 6-3 (Groundball, 6M)
Batting: RHB Toshimichi Kono 0-0: Ball
1-0: Swinging Strike
1-1: Ball
2-1: Foul Ball, location: 2F
2-2: Ball
3-2: Foul Ball, location: 2F
3-2: Fly out, F4 (Popup, 3D)
Top of the 1st over - 0 run(s), 0 hit(s), 0 error(s), 0 left on base; Kansas City 0 - St. Louis 0
BOTTOM OF THE 1ST
St. Louis Browns batting - Pitching for Kansas City Kings : RHP Cristóbal Gómez
Pitching: RHP Cristóbal Gómez
Batting: LHB Joe Sanders 0-0: Ball
1-0: Ball
2-0: Ball
3-0: Called Strike
3-1: Base on Balls
Batting: LHB Mike Hill 0-0: Ball
1-0: Foul Ball, location: 2F
1-1: Foul Ball, location: 2F
1-2: Foul Ball, location: 2F
1-2: Ball
2-2: Ball
3-2: Fly out, F7 (Flyball, 7M)
Batting: LHB Víctor Hernández 0-0: Fly out, F2 (Popup, 25F)
Batting: LHB Clinton Clark 0-0: Ball
1-0: Fly out, F5 (Popup, 5F)
Bottom of the 1st over - 0 run(s), 0 hit(s), 0 error(s), 1 left on base; Kansas City 0 - St. Louis 0
TOP OF THE 2ND
Kansas City Kings batting - Pitching for St. Louis Browns : RHP Aaron Palmer
Batting: RHB Alonso Ramos 0-0: Ball
1-0: Foul Ball, location: 2F
1-1: Ball
2-1: Foul Ball, location: 2F
2-2: Strikes out looking
Batting: LHB Pablo Reyes 0-0: Ball
1-0: Fly out, F7 (Flyball, 7LM)
Batting: LHB Vic Robertson 0-0: Swinging Strike
0-1: Foul Ball, location: 2F
0-2: Ball
1-2: Foul Ball, location: 2F
1-2: Ground out 6-3 (Groundball, 6M)
Top of the 2nd over - 0 run(s), 0 hit(s), 0 error(s), 0 left on base; Kansas City 0 - St. Louis 0
BOTTOM OF THE 2ND
St. Louis Browns batting - Pitching for Kansas City Kings : RHP Cristóbal Gómez
Batting: LHB Jorge Torres 0-0: Called Strike
0-1: Swinging Strike
0-2: Ball
1-2: Ground out U3 (Groundball, 3L)
Batting: LHB Stan Hickman 0-0: Foul Ball, location: 2F
0-1: Called Strike
0-2: Ball
1-2: Foul Ball, location: 2F
1-2: Foul Ball, location: 2F
1-2: Ball
2-2: Foul Ball, location: 2F
2-2: Ball
3-2: Fly out, F6 (Line Drive, 56D)
Batting: LHB Héctor Núñez 0-0: Ball
1-0: Ball
2-0: Foul Ball, location: 2F
2-1: SINGLE (Line Drive, 4)
Batting: RHB Carlos Alfaro 0-0: Ball
1-0: Fielders Choice at 2nd, U6 (Groundball, 6M)
Bottom of the 2nd over - 0 run(s), 1 hit(s), 0 error(s), 1 left on base; Kansas City 0 - St. Louis 0
TOP OF THE 3RD
Kansas City Kings batting - Pitching for St. Louis Browns : RHP Aaron Palmer
Batting: RHB Adrian Prouse 0-0: Swinging Strike
0-1: Swinging Strike
0-2: Strikes out looking
Batting: SHB Orlando Aguilar 0-0: Called Strike
0-1: Ball
1-1: Foul Ball, location: 2F
1-2: Ball
2-2: SINGLE (Groundball, 34D)
Batting: SHB Finley Frogley 0-0: Swinging Strike
0-1: Ball
1-1: Foul Ball, location: 2F
1-2: Ground out 3-1 (Groundball, 34)
Orlando Aguilar to second
Batting: RHB Chris Chandler 0-0: Ball
1-0: Fly out, F8 (Popup, 8LS)
Top of the 3rd over - 0 run(s), 1 hit(s), 0 error(s), 1 left on base; Kansas City 0 - St. Louis 0
BOTTOM OF THE 3RD
St. Louis Browns batting - Pitching for Kansas City Kings : RHP Cristóbal Gómez
Batting: RHB Mario Rosales 0-0: Ball
1-0: Foul Ball, location: 2F
1-1: Ball
2-1: Fly out, F8 (Flyball, 8RXD)
Batting: LHB Joe Sanders 0-0: Ball
1-0: Ball
2-0: Foul Ball, location: 2F
2-1: Foul Ball, location: 2F
2-2: Ball
3-2: SINGLE (Groundball, 34)
Batting: LHB Mike Hill 0-0: Called Strike
0-1: Ball
1-1: Swinging Strike
1-2: Ball
2-2: Strikes out looking
Batting: LHB Víctor Hernández 0-0: Ball
1-0: Called Strike
1-1: Ground out 4-3 (Groundball, 4)
Bottom of the 3rd over - 0 run(s), 1 hit(s), 0 error(s), 1 left on base; Kansas City 0 - St. Louis 0
TOP OF THE 4TH
Kansas City Kings batting - Pitching for St. Louis Browns : RHP Aaron Palmer
Batting: SHB Víctor Serrano 0-0: Ball
1-0: Ball
2-0: Ball
3-0: Called Strike
3-1: Foul Ball, location: 2F
3-2: Ground out 1-3 (Groundball, 13)
Batting: RHB Toshimichi Kono 0-0: Called Strike
0-1: Ball
1-1: Foul Ball, location: 2F
1-2: Foul Ball, location: 2F
1-2: Fly out, F8 (Flyball, 8RD)
Batting: RHB Alonso Ramos 0-0: Ball
1-0: Ball
2-0: DOUBLE (Flyball, 78XD)
Batting: LHB Pablo Reyes 0-0: Called Strike
0-1: Swinging Strike
0-2: Ball
1-2: Ground out 1-3 (Groundball, 13S)
Top of the 4th over - 0 run(s), 1 hit(s), 0 error(s), 1 left on base; Kansas City 0 - St. Louis 0
BOTTOM OF THE 4TH
St. Louis Browns batting - Pitching for Kansas City Kings : RHP Cristóbal Gómez
Batting: LHB Clinton Clark 0-0: Called Strike
0-1: Ball
1-1: Ball
2-1: Called Strike
2-2: Foul Ball, location: 2F
2-2: Strikes out swinging
Batting: LHB Jorge Torres 0-0: Fly out, F8 (Flyball, 8LS)
Batting: LHB Stan Hickman 0-0: Ball
1-0: Fly out, F9 (Line Drive, 89D)
Bottom of the 4th over - 0 run(s), 0 hit(s), 0 error(s), 0 left on base; Kansas City 0 - St. Louis 0
TOP OF THE 5TH
Kansas City Kings batting - Pitching for St. Louis Browns : RHP Aaron Palmer
Batting: LHB Vic Robertson 0-0: Called Strike
0-1: SINGLE (Groundball, 5D)
Batting: RHB Adrian Prouse 0-0: Called Strike
0-1: Foul Ball, location: 2F
0-2: Ball
1-2: Foul Ball, location: 2F
1-2: Strikes out swinging
Batting: SHB Orlando Aguilar 0-0: Called Strike
0-1: Ball
1-1: Ball
2-1: Fly out, F8 (Flyball, 8RM)
Batting: SHB Finley Frogley 0-0: Ball
1-0: Swinging Strike
1-1: Foul Ball, location: 2F
1-2: Strikes out swinging
Top of the 5th over - 0 run(s), 1 hit(s), 0 error(s), 1 left on base; Kansas City 0 - St. Louis 0
BOTTOM OF THE 5TH
St. Louis Browns batting - Pitching for Kansas City Kings : RHP Cristóbal Gómez
Batting: LHB Héctor Núñez 0-0: Ground out 4-3 (Groundball, 4S)
Batting: RHB Carlos Alfaro 0-0: Ball
1-0: Ball
2-0: Called Strike
2-1: Ball
3-1: Foul Ball, location: 2F
3-2: Strikes out looking
Batting: RHB Mario Rosales 0-0: Ball
1-0: Ball
2-0: Foul Ball, location: 2F
2-1: Ground out 6-3 (Groundball, 6)
Bottom of the 5th over - 0 run(s), 0 hit(s), 0 error(s), 0 left on base; Kansas City 0 - St. Louis 0
TOP OF THE 6TH
Kansas City Kings batting - Pitching for St. Louis Browns : RHP Aaron Palmer
Batting: RHB Chris Chandler 0-0: Ball
1-0: Ball
2-0: Called Strike
2-1: Called Strike
2-2: Strikes out swinging
Batting: SHB Víctor Serrano 0-0: Foul Ball, location: 2F
0-1: Foul Ball, location: 2F
0-2: Ball
1-2: Ball
2-2: Ground out 4-3 (Groundball, 4M)
Batting: RHB Toshimichi Kono 0-0: Foul Ball, location: 2F
0-1: Swinging Strike
0-2: Fly out, F8 (Flyball, 8LM)
Top of the 6th over - 0 run(s), 0 hit(s), 0 error(s), 0 left on base; Kansas City 0 - St. Louis 0
BOTTOM OF THE 6TH
St. Louis Browns batting - Pitching for Kansas City Kings : RHP Cristóbal Gómez
Batting: LHB Joe Sanders 0-0: Called Strike
0-1: Foul Ball, location: 2F
0-2: Ball
1-2: Ball
2-2: Ball
3-2: Ground out 3-1 (Groundball, 34S)
Batting: LHB Mike Hill 0-0: Ball
1-0: Called Strike
1-1: Foul Ball, location: 2F
1-2: Ball
2-2: Ball
3-2: Fly out, F6 (Popup, 56)
Batting: LHB Víctor Hernández 0-0: Swinging Strike
0-1: Swinging Strike
0-2: Ball
1-2: Ball
2-2: Fly out, F8 (Flyball, 78S)
Bottom of the 6th over - 0 run(s), 0 hit(s), 0 error(s), 0 left on base; Kansas City 0 - St. Louis 0
TOP OF THE 7TH
Kansas City Kings batting - Pitching for St. Louis Browns : RHP Aaron Palmer
Pitching: RHP Beau Brown
Batting: RHB Alonso Ramos 0-0: Swinging Strike
0-1: Called Strike
0-2: Ball
1-2: Foul Ball, location: 2F
1-2: Strikes out swinging
Batting: LHB Pablo Reyes 0-0: Ball
1-0: Swinging Strike
1-1: Ball
2-1: Ball
3-1: Base on Balls
Batting: LHB Vic Robertson 0-0: Called Strike
0-1: Swinging Strike
0-2: Ball
1-2: Strikes out swinging
Pinch Hitting: SHB Greg Welch 0-0: Called Strike
0-1: Ground out 4-3 (Groundball, 4)
Top of the 7th over - 0 run(s), 0 hit(s), 0 error(s), 1 left on base; Kansas City 0 - St. Louis 0
BOTTOM OF THE 7TH
St. Louis Browns batting - Pitching for Kansas City Kings : RHP Cristóbal Gómez
Now in LF: Marc Nichols
Batting: LHB Clinton Clark 0-0: Ball
1-0: Called Strike
1-1: SINGLE (Line Drive, 6MD)
Batting: LHB Jorge Torres 0-0: Called Strike
0-1: Ground out 3-1 (Groundball, 34S)
Clinton Clark to second
Batting: LHB Stan Hickman 0-0: Intentional Walk
Batting: LHB Héctor Núñez 0-0: Ball
1-0: SINGLE (Line Drive, 56D)
Clinton Clark to third
Stan Hickman to second
Pinch Hitting: RHB Yoshihide Takahashi 0-0: Ball
1-0: Called Strike
1-1: Ball
2-1: Ball
3-1: Foul Ball, location: 2F
3-2: SINGLE (Groundball, 56D)
Clinton Clark scores
Stan Hickman to third
Héctor Núñez to second
Runner from 3rd tries for Home, throw and OUT!
Héctor Núñez to third
Yoshihide Takahashi to second
Pitching: LHP Leonardo Rodríguez
Batting: RHB Mario Rosales 0-0: Foul Ball, location: 2F
0-1: Fly out, F7 (Flyball, 7M)
Bottom of the 7th over - 1 run(s), 3 hit(s), 0 error(s), 2 left on base; Kansas City 0 - St. Louis 1
TOP OF THE 8TH
Kansas City Kings batting - Pitching for St. Louis Browns : RHP Beau Brown
Pitching: RHP Ramón Silva
Now at SS: George Howard
Batting: SHB Orlando Aguilar 0-0: Foul Ball, location: 2F
0-1: Ball
1-1: Ball
2-1: Fly out, F9 (Line Drive, 9LS)
Pitching: LHP Keith Hill
Batting: SHB Finley Frogley 0-0: Ball
1-0: Called Strike
1-1: Foul Ball, location: 2F
1-2: Ball
2-2: Strikes out swinging
Pitching: RHP Arturo Leal
Batting: RHB Chris Chandler 0-0: Ball
1-0: Ball
2-0: Ball
3-0: Base on Balls
Pitching: RHP John Allan
Batting: SHB Víctor Serrano 0-0: Foul Ball, location: 2F
0-1: Foul Ball, location: 2F
0-2: Ball
1-2: Ground out 5-3 (Groundball, 56)
Top of the 8th over - 0 run(s), 0 hit(s), 0 error(s), 1 left on base; Kansas City 0 - St. Louis 1
BOTTOM OF THE 8TH
St. Louis Browns batting - Pitching for Kansas City Kings : LHP Leonardo Rodríguez
Batting: LHB Joe Sanders 0-0: Ball
1-0: Ball
2-0: Called Strike
2-1: Foul Ball, location: 2F
2-2: Ball
3-2: SINGLE (Groundball, 4MD)
Pinch Hitting: RHB Will Brown 0-0: Called Strike
0-1: Foul Ball, location: 2F
0-2: Ball
1-2: Ball
2-2: Strikes out swinging
Pinch Hitting: RHB Carlos García 0-0: Ball
1-0: Called Strike
1-1: Ball
2-1: Called Strike
2-2: Strikes out swinging
Pinch Hitting: RHB Marc Ploughman 0-0: Ball
1-0: Foul Ball, location: 2F
1-1: Ball
2-1: Foul Ball, location: 2F
2-2: Ball
3-2: SINGLE (Line Drive, 78S)
Joe Sanders to second
Joe Sanders to third
Batting: LHB Jorge Torres 0-0: Fly out, F2 (Popup, 2RF)
Bottom of the 8th over - 0 run(s), 2 hit(s), 0 error(s), 2 left on base; Kansas City 0 - St. Louis 1
TOP OF THE 9TH
Kansas City Kings batting - Pitching for St. Louis Browns : RHP John Allan
Pitching: LHP Brent Miller
Now at 2B: Will Brown
Now in LF: Carlos García
Now in RF: Marc Ploughman
Batting: RHB Toshimichi Kono 0-0: Called Strike
0-1: Swinging Strike
0-2: Foul Ball, location: 2F
0-2: Strikes out swinging
Batting: RHB Alonso Ramos 0-0: Ball
1-0: Swinging Strike
1-1: Called Strike
1-2: Ball
2-2: TRIPLE (Flyball, 9LD)
Batting: LHB Pablo Reyes 0-0: Called Strike
0-1: Swinging Strike
0-2: Ball
1-2: Foul Ball, location: 2F
1-2: Strikes out swinging
Batting: LHB Vic Robertson 0-0: Called Strike
0-1: Ball
1-1: Ball
2-1: Swinging Strike
2-2: Ball
3-2: Strikes out looking
Top of the 9th over - 0 run(s), 1 hit(s), 0 error(s), 1 left on base; Kansas City 0 - St. Louis 1
This league is powered by Out of the Park Baseball, the baseball management simulation game for PC, Mac and Linux
Tuesday, August 2nd, 2016 - OOTP Baseball 16.8 Build 38